 Dungeon Crawl Stone Soup version 0.26-a0-264-g3a471323bd (console) character file.

Game seed: 2390441555692251010

51 Kagalorn the Poker (level 3, 0/31 HPs)
             Began as a Hill Orc Gladiator on July 11, 2020.
             Killed from afar by an orc wizard (3 damage)
             ... with a puff of flame
             ... on level 2 of the Dungeon.
             The game lasted 00:01:23 (762 turns).

Kagalorn the Poker (Hill Orc Gladiator)              Turns: 762, Time: 00:01:23

Health: 0/31       AC:  4    Str: 16    XL:     3   Next: 83%
Magic:  3/3        EV: 12    Int:  9    God:
Gold:   99         SH:  0    Dex: 12    Spells: 2/2 levels left

rFire    . . .     SeeInvis .   a - +0 trident
rCold    . . .     Faith    .   (no shield)
rNeg     . . .     Spirit   .   b - +0 leather armour
rPois    .         Reflect  .   c - +0 helmet
rElec    .         Harm     .   (no cloak)
rCorr    .                      (no gloves)
MR       .....                  (no boots)
Stlth    +.........             (no amulet)
HPRegen  0.10/turn              (no ring)
MPRegen  0.08/turn              (no ring)

@: no status effects
A: no striking features
a: no special abilities


You were on level 2 of the Dungeon.
You were full.

You visited 1 branch of the dungeon, and saw 3 of its levels.

You collected 99 gold pieces.

Inventory:

Hand Weapons
 a - a +0 trident (weapon)
Missiles
 d - 3 throwing nets (quivered)
 i - 39 stones
Armour
 b - a +0 leather armour (worn)
 c - a +0 helmet (worn)
Scrolls
 g - 2 scrolls of fog {unknown}
 j - a scroll of teleportation {unknown}
 k - a scroll of fear {unknown}
 l - a scroll of amnesia {unknown}
Potions
 e - a potion of curing {unknown}
 h - 2 potions of heal wounds {unknown}
 m - a potion of stabbing {unknown}
Comestibles
 f - 3 rations


   Skills:
 + Level 3.4 Fighting
 * Level 4.6 Polearms
 - Level 1.7 Throwing
 - Level 2.4 Dodging


You had 2 spell levels left.
You didn't know any spells.
Your spell library was empty.

Dungeon Overview and Level Annotations

Branches:
Dungeon (3/15)

Altars:
Yredelemnul

Annotations:
D:3 Ijyb


Message History

Press: ? - help, Dir - move target cursor, f - orc wizard
Aim: an orc wizard, wielding a +0 dagger and wearing a +0 robe (severely wounded, fast)
You reach to attack!
You closely miss the orc wizard.
The orc wizard is severely wounded.
You puncture the orc wizard!
You kill the orc wizard!
Something hits you.
* * * LOW HITPOINT WARNING * * *
You hear some strange, mumbled words.
You are confused.
Something hits you but does no damage.
You eat one of the 4 rations.
That ration really hit the spot!
Something hits you.
* * * LOW HITPOINT WARNING * * *
You completely miss something. Something hits you but does no damage.
You feel less confused.
You hear some strange, mumbled words.
A puff of flame appears from out of thin air!
The puff of flame hits you.
You die...

..............# #......#
.........#....# #......#
.........#....#####......#
.........#...............#
.........................#
..###......#.............# ###
##.....#.............#######
######.....#...................#
................@..............#
...........#....{..............#
..............>..).............#
...........###รท................#
..........###.[................#
..##......#....................#
....................############
...)....................#
...###...###...###......#


There were no monsters in sight!

Vanquished Creatures
  An orc wizard (D:2)
  An adder (D:2)
  2 giant cockroaches (D:2)
  3 goblins (D:2)
  3 hobgoblins
  3 bats (D:2)
  A frilled lizard (D:2)
  A rat (D:1)
15 creatures vanquished.

Notes
Turn   | Place    | Note
-------+----------+-------------------------------------------
     0 | D:1      | Kagalorn the Hill Orc Gladiator began the quest for the
                  | Orb.
     0 | D:1      | Reached XP level 1. HP: 18/18 MP: 1/1
    72 | D:2      | Reached XP level 2. HP: 24/25 MP: 2/2
   465 | D:3      | Found a basalt altar of Yredelemnul.
   465 | D:3      | Noticed Ijyb
   478 | D:2      | Reached skill level 4 in Polearms
   478 | D:2      | Reached XP level 3. HP: 7/31 MP: 3/3
   762 | D:2      | Killed from afar by an orc wizard

Illustrated notes

Levels and vault maps discovered:
D:1:      minmay_arrival_wavy_path, layout_loops_ring
D:2:      layout_basic, kennysheep_boxes
D:3:      layout_rooms, okawaru_ov_weapons_minmay, lemuel_crystal_altar,
          lemuel_round_altar, overflow_temple_1_default,
          yredelemnul_altar_generic, uniq_jessica, uniq_ijyb,
          uniq_crazy_yiuf_cottage

Skill      XL: |  1  2 |
---------------+-------+-----
Fighting       | 3 |  3.4
Polearms       | 4 |  4.6
Throwing       | |  1.7
Dodging        | |  2.4

Action                   || total
-------------------------++-------
Melee: Trident           ||    48
 Stab: Sleeping          ||     1
  Eat: Ration            ||     1
Armor: Leather armour    ||    11
Dodge: Dodged            ||    34

Table legend:
 A = Non-vault XP
 B = Vault XP
 C = Vault XP percentage of total XP
 D = Non-vault monster count
 E = Vault monster count
 F = Vault count percentage of total count
                 A         B        C        D         E       F
            +---------+---------+-------+---------+---------+-------
      Total |      74 |       0 |   0.0 |      15 |       0 |   0.0
            +---------+---------+-------+---------+---------+-------
        D:1 |       3 |       0 |   0.0 |       2 |       0 |   0.0
        D:2 |      71 |       0 |   0.0 |      13 |       0 |   0.0
            +---------+---------+-------+---------+---------+-------
